 Dungeon Crawl Stone Soup version 0.28.0-53-g5a82cb258f (webtiles) character file.

Game seed: 11514247370336431990

195 Peloso the Covered (level 5, -9/43 HPs)
             Began as a Barachi Fighter on June 4, 2022.
             Mangled by an ogre
             ... wielding a +0 giant spiked club
              (13 damage)
             ... on level 4 of the Dungeon.
             The game lasted 00:04:09 (3228 turns).

Peloso the Covered (Barachi Fighter)                Turns: 3228, Time: 00:04:09

Health: -9/43      AC: 14    Str: 19    XL:     5   Next: 74%
Magic:  5/5        EV:  9    Int:  8    God:
Gold:   156        SH:  6    Dex: 20    Spells: 4/4 levels left

rFire   . . .      SeeInvis .   a - +0 long sword
rCold   . . .      Faith    .   c - +0 buckler
rNeg    . . .      Spirit   .   l - +6 scale mail "Ryfim" {-Cast Dex+8}
rPois   .          Reflect  .   (no helmet)
rElec   .          Harm     .   h - +0 cloak
rCorr   .          Rampage  .   (no gloves)
Will    .....      NoCast   +   (no boots)
Stlth   +.........              (no amulet)
HPRegen 0.14/turn               (no ring)
MPRegen 0.09/turn               (no ring)

@: slow
A: amphibious, slowness 1, strong legs 1, +LOS
a: Hop


You were on level 4 of the Dungeon.
You visited 1 branch of the dungeon, and saw 4 of its levels.

You collected 156 gold pieces.

Inventory:

Hand Weapons
 a - a +0 long sword (weapon)
Armour
 b - a +0 scale mail
 c - a +0 buckler (worn)
 h - a +0 cloak (worn)
 l - the +6 scale mail "Ryfim" (worn) {-Cast Dex+8}
   (You found it on level 3 of the Dungeon)

   Dex:       It affects your dexterity (+8).
   -Cast:     It prevents spellcasting.
Jewellery
 i - an amulet of the acrobat
Scrolls
 f - a scroll of fog {unknown}
 j - a scroll of holy word {unknown}
 k - a scroll of vulnerability {unknown}
 n - a scroll of fear {unknown}
Potions
 d - a potion of might
 e - a potion of haste {unknown}
 g - 2 potions of cancellation {unknown}
 m - a potion of curing {unknown}
 o - a potion of heal wounds {unknown}


   Skills:
 + Level 4.6 Fighting
 + Level 4.4 Long Blades
 + Level 5.0 Armour
 + Level 1.0 Dodging
 + Level 0.5 Stealth
 + Level 3.8 Shields


You had 4 spell levels left.
You didn't know any spells.
Your spell library contained the following spells:

 Spells                   Type           Power      Damage    Failure   Level
 Animate Skeleton         Necr           0%         N/A       85%         1
 Apportation              Tloc           0%         N/A       85%         1
 Shock                    Conj/Air       0%         1d3       85%         1
 Summon Small Mammal      Summ           0%         N/A       85%         1
 Swiftness                Air            0%         N/A       99%         3
 Airstrike                Air            0%         N/A       100%        4


Dungeon Overview and Level Annotations

Branches:
Dungeon (4/15)
 Temple: D:4-7

Altars:
Nemelex Xobeh
Zin

Annotations:
D:2 1 runed translucent door, Crazy Yiuf


Innate Abilities, Weirdness & Mutations

You are amphibious.
You cover ground slowly.
You can hop short distances.
You have an extended range of vision and can be seen from far away.


Message History

The iguana is lightly wounded.
The iguana barely misses you.
You closely miss the iguana.
The iguana is lightly wounded.
You block the iguana's attack.
You slash the iguana!
The iguana is heavily wounded.
You block the iguana's attack.
You slash the iguana!
You kill the iguana!
The kobold throws a stone.
You block the stone.
Your Armour skill increases to level 5!
Your Dodging skill increases to level 1!
You block the kobold's attack. The kobold closely misses you.
You see here an iguana corpse.
You barely miss the kobold. The kobold closely misses you.
You hit the kobold.
You kill the kobold!
Things that are here:
a +0 short sword; 3 stones An ogre comes into view.
It is wielding a +0 giant spiked club.
The ogre shouts!
You aren't carrying any items that you can evoke.
Unknown command.
You hit the ogre but do no damage. The ogre completely misses you.
You slash the ogre!
The ogre is moderately wounded.
The ogre hits you with a +0 giant spiked club!!
Ouch! That really hurt!
You hit the ogre.
The ogre is moderately wounded.
The ogre barely misses you.
You slash the ogre!
The ogre is severely wounded.
The ogre hits you with a +0 giant spiked club!
* * * LOW HITPOINT WARNING * * *
You hit the ogre.
The ogre is severely wounded.
The ogre hits you with a +0 giant spiked club!
You die...

##...## ...##..###....
##.## .##..## ##.)# #.#
#...# ##(. #.# #... ##.
#†# #.....#####. ##)##
.##.......... ##...##
...##...#.....
#.....##+##.....# ##..#.
#..#.....@O..# #..##.
#.....#####.....#..##...#.
##...## ...##.........
##### ### .........
.....#..# ..## #..#
#..###..# #....... #
#..####.


You could see an ogre.

Vanquished Creatures
  A scorpion (D:4)
  A hound (D:4)
  An iguana (D:4)
  2 adders
  A worm (D:3)
  2 dart slugs (D:1)
  2 orcs (D:4)
  4 bats (D:3)
  8 endoplasms
  6 giant cockroaches (D:1)
  5 hobgoblins
  4 jackals (D:1)
  A quokka (D:3)
  2 ball pythons
  3 frilled lizards
  4 goblins
  5 kobolds
  2 rats
54 creatures vanquished.

Vanquished Creatures (others)
  3 plants (D:1)
  11 withered plants (D:1)
14 creatures vanquished.

Grand Total: 68 creatures vanquished

Notes
Turn   | Place    | Note
-------+----------+-------------------------------------------
     0 | D:1      | Peloso the Barachi Fighter began the quest for the Orb.
     0 | D:1      | Reached XP level 1. HP: 18/18 MP: 1/1
   290 | D:1      | Reached XP level 2. HP: 25/25 MP: 2/2
   300 | D:1      | Reached skill level 4 in Armour
   582 | D:1      | Found a faded altar of an unknown god.
   754 | D:1      | Reached XP level 3. HP: 28/30 MP: 3/3
  1395 | D:2      | Found a sparkling altar of Nemelex Xobeh.
  1880 | D:2      | Found a runed translucent door.
  1881 | D:2      | Noticed Crazy Yiuf
  1882 | D:2      | Identified the +1 mace "Qit Gaym" {antimagic, Str+3}
  2569 | D:3      | Identified the +6 scale mail "Ryfim" {-Cast Dex+8}
  2595 | D:3      | Reached XP level 4. HP: 37/37 MP: 4/4
  2782 | D:3      | Found a glowing silver altar of Zin.
  3113 | D:4      | Noticed a scorpion
  3133 | D:4      | Killed a scorpion
  3134 | D:4      | Reached XP level 5. HP: 35/43 MP: 5/5
  3211 | D:4      | Reached skill level 5 in Armour
  3211 | D:4      | Reached skill level 1 in Dodging
  3220 | D:4      | Noticed an ogre
  3228 | D:4      | Mangled by an ogre

Illustrated notes

Levels and vault maps discovered:
D:1:      mrwooster_arrival_statue_3, layout_loops_corners,
          shapermc_ecumenical_altar_flowoftime, minmay_heptomino_w4
D:2:      layout_loops_ring, basic_altar, uniq_crazy_yiuf_cottage
D:3:      layout_loops_cross, zin_statuary, eino_curves_02
D:4:      minmay_octagon_keep, layout_layer_cave

Skill      XL: |  1  2  3  4  5 |
---------------+----------------+-----
Armour         | 4 5 |  5.0
Fighting       | 4 |  4.6
Long Blades    | 3 4 |  4.4
Dodging        | 1 |  1.0
Stealth        | |  0.5
Shields        | |  3.8

Action                   |  1- 3 |  4- 6 || total
-------------------------+-------+-------++-------
Melee: Long sword        |   124 |    52 ||   176
 Abil: Hop               |     1 |     1 ||     2
  Use: Scroll            |     3 |       ||     3
Armor: Scale mail        |    47 |    34 ||    81
Dodge: Dodged            |    47 |    26 ||    73
Block: Buckler           |    15 |    19 ||    34
